 Dungeon Crawl Stone Soup version 0.30.1-11-g7821555f0a (webtiles) character file.

Game seed: 13082732412272080090

1071 Jynx the Fighter (level 8, -6/75 HPs)
             Began as a Minotaur Fighter on Jan 10, 2024.
             Was a Follower of Okawaru.
             Killed by divine providence
             ... invoked by an orc priest
              (17 damage)
             ... on level 6 of the Dungeon.
             The game lasted 00:06:28 (4433 turns).

Jynx the Fighter (Minotaur Fighter)                 Turns: 4433, Time: 00:06:28

Health: -6/75      AC: 13    Str: 21    XL:     8   Next: 7%
Magic:  7/7        EV:  8    Int:  5    God:    Okawaru [*.....]
Gold:   341        SH:  0    Dex: 12    Spells: 7/7 levels left

rFire   . . .        r - +1 flail (protect)
rCold   . . .        (no shield)
rNeg    . . .        m - +0 chain mail
rPois   .            o - +2 hat
rElec   .            (no cloak)
rCorr   .            i - +0 pair of gloves
SInv    .            g - +0 pair of boots
Will    .....        (no amulet) Stlth
                     (no ring)
HPRegen 0.32/turn    (no ring)
MPRegen 0.10/turn

%: no passive effects
@: no status effects
A: horns 2, retaliatory headbutt
a: Renounce Religion, Heroism


You were on level 6 of the Dungeon.
You worshipped Okawaru.
Okawaru was aware of your devotion.
You visited 2 branches of the dungeon, and saw 7 of its levels.

You collected 341 gold pieces.

Inventory:

Hand Weapons
 r - a +1 flail of protection (weapon)
Armour
 g - a +0 pair of boots (worn)
 i - a +0 pair of gloves (worn)
 m - a +0 chain mail (worn)
 o - a +2 hat (worn)
Jewellery
 a - an amulet of faith
 n - a +4 ring of protection
 p - a ring of positive energy
 t - a ring of positive energy
 x - an amulet of the acrobat
 y - a ring of protection from fire
Scrolls
 b - 3 scrolls of amnesia {unknown}
 c - 2 scrolls of fog {unknown}
 e - 13 scrolls of identify {unknown}
 k - 2 scrolls of enchant armour {unknown}
 s - a scroll of teleportation {unknown}
 v - a scroll of enchant weapon {unknown}
 A - a scroll of acquirement {unknown}
Potions
 d - 3 potions of might
 f - 2 potions of magic {unknown}
 h - a potion of flight {unknown}
 j - 2 potions of haste {unknown}
 l - a potion of ambrosia {unknown}
 q - a potion of curing {unknown}
 u - a potion of cancellation {unknown}
 w - a potion of mutation {unknown}
 z - a potion of heal wounds {unknown}


   Skills:
 + Level 8.4 Fighting
 - Level 5.4(6.9) Axes
 + Level 6.5(7.5) Maces & Flails
 - Level 3.6 Armour
 - Level 3.6 Shields


You had 7 spell levels left.
You didn't know any spells.
Your spell library contained the following spells:

 Spells                   Type           Power      Damage    Failure   Level
 Apportation              Tloc           0%         N/A       98%         1
 Dazzling Flash           Conj/Hex       0%         N/A       100%        3
 Volatile Blastmotes      Fire/Tloc      0%         2d10      100%        3
 Iskenderun's Mystic Bla  Conj/Tloc      0%         2d3       100%        4
 Passage of Golubria      Tloc           0%         N/A       100%        4
 Alistair's Intoxication  Tmut/Pois      0%         N/A       100%        5
 Yara's Violent Unravell  Hex/Tmut       0%         3d3       100%        5
 Starburst                Conj/Fire      0%         6d3       100%        6
 Tukima's Dance           Hex            Unusable   N/A       N/A         3

Dungeon Overview and Level Annotations

Branches:
Dungeon (6/15)             Temple (1/1) D:4

Altars:
Ashenzari
Cheibriados
Dithmenos
Elyvilon
Gozag
Hepliaklqana
Kikubaaqudgha
Makhleb
Okawaru
Ru
Sif Muna
Uskayaw
Zin
The Shining One

Shops:
D:4 :


Innate Abilities, Weirdness & Mutations

You have a pair of horns on your head.
You reflexively headbutt those who attack you in melee.


Message History

The orc priest invokes the aid of Beogh against you.
Beogh smites you!
The orc priest miscasts a cantrip.
The orc warrior attacks as you move away!
The orc warrior completely misses you.
The orc warrior attacks as you move away!
The orc warrior hits you with a +0 mace.
The orc priest mumbles some strange prayers to Beogh against you.
Beogh smites you!
The centaur wields a +0 shortbow.
The centaur shoots an arrow.
The arrow barely misses you.
The orc warrior attacks as you move away!
The orc warrior closely misses you.
The orc warrior hits you with a +0 mace.
The orc priest looks satisfied for a moment.
The scorpion stings you. The orc warrior completely misses you.
You furiously retaliate!
You headbutt the orc warrior.
The orc warrior attacks as you move away!
The orc warrior hits you with a +0 mace.
The sentinel's mark upon you fades away.
The centaur shoots an arrow.
The arrow hits you!
* * * LOW HITPOINT WARNING * * *
The scorpion stings you but does no damage.
The orc warrior attacks as you move away!
The orc warrior hits you with a +0 mace.
* * * LOW HITPOINT WARNING * * *
The centaur shoots an arrow.
The arrow hits you!
* * * LOW HITPOINT WARNING * * *
The orc priest looks braver for a moment.
The orc priest casts a cantrip, but nothing happens.
There is an open door, spattered with blood here.
The centaur attacks as you move away!
The centaur unwields a +0 shortbow.
The centaur barely misses you.
The centaur kicks you but does no damage.
The scorpion attacks as you move away!
The scorpion stings you but does no damage.
The scorpion barely misses you.
The orc priest invokes the aid of Beogh against you.
Beogh smites you!
You die...

#########
####........
#..)>.......
##########.o.....####
#<..@sc..o.o.....'...
##########.......####
#.......# #.......#
#.......# #########


You could see an orc warrior, a centaur, a scorpion and 2 orc priests.

Vanquished Creatures
  A water moccasin (D:5)
  An ice beast (D:5)
  An ogre (D:4)
  A centaur (D:6)
  A phantom (D:5)
  2 scorpions
  Crazy Yiuf (D:2)
  5 orc priests
  A sleepcap (D:5)
  2 iguanas (D:5)
  Natasha (thrice) (D:3)
  An orc wizard (D:5)
  5 gnolls
  3 adders
  A white imp (D:5)
  An ufetubus (D:5)
  3 worms
  2 dart slugs
  5 orcs
  5 ball pythons
  7 endoplasms
  3 giant cockroaches
  6 goblins
  9 hobgoblins
  3 kobolds
  6 quokkas
  5 bats
  A frilled lizard (D:2)
  6 rats
91 creatures vanquished.

Notes
Turn   | Place    | Note
-------+----------+-------------------------------------------
     0 | D:1      | Jynx the Minotaur Fighter began the quest for the Orb.
     0 | D:1      | Reached XP level 1. HP: 19/19 MP: 0/0
    58 | D:1      | Reached XP level 2. HP: 25/27 MP: 1/1
   191 | D:1      | Reached skill level 4 in Fighting
   707 | D:1      | Reached XP level 3. HP: 25/33 MP: 2/2
  1107 | D:2      | Found a broken altar of Ashenzari.
  1231 | D:2      | Found a runed translucent door.
  1232 | D:2      | Noticed Crazy Yiuf
  1241 | D:2      | Killed Crazy Yiuf
  1242 | D:2      | Reached XP level 4. HP: 16/41 MP: 3/3
  1625 | D:3      | Noticed Natasha
  1632 | D:3      | Killed Natasha
  1633 | D:3      | Reached skill level 5 in Axes
  1692 | D:3      | Noticed Natasha
  1699 | D:3      | Killed Natasha
  1700 | D:3      | Reached skill level 5 in Fighting
  1700 | D:3      | Reached XP level 5. HP: 43/48 MP: 4/4
  1937 | D:3      | Noticed Natasha
  1941 | D:3      | Killed Natasha
  1942 | D:3      | Reached skill level 1 in Maces & Flails
  2085 | D:3      | Identified the +0 ring mail of Hiseofed {rN++ Str-4}
  2251 | D:4      | Found an opulent altar of Gozag.
  2327 | D:4      | Noticed an ogre
  2336 | D:4      | Killed an ogre
  2337 | D:4      | Reached skill level 6 in Fighting
  2337 | D:4      | Reached XP level 6. HP: 44/57 MP: 5/5
  2762 | D:4      | Found a staircase to the Ecumenical Temple.
  2771 | Temple   | Entered the Ecumenical Temple
  2827 | Temple   | Became a worshipper of Warmaster Okawaru
  3042 | D:4      | Found Xemar's Tiny Tomes.
  3081 | D:5      | Entered Level 5 of the Dungeon
  3235 | D:5      | Identified the +3 long sword of the Vanishing Dances
                  | {flame, rElec Will+++ Int-3 Dex-5}
  3271 | D:5      | Reached XP level 7. HP: 54/64 MP: 6/6
  3435 | D:5      | Reached skill level 7 in Fighting
  3646 | D:5      | Reached skill level 5 in Maces & Flails
  4039 | D:5      | Found a white marble altar of Elyvilon.
  4116 | D:5      | Reached * piety under Okawaru
  4145 | D:5      | Reached skill level 8 in Fighting
  4327 | D:6      | Reached XP level 8. HP: 58/75 MP: 7/7
  4433 | D:6      | Killed from afar by an orc priest

Illustrated notes

Levels and vault maps discovered:
D:1:      scummos_arrival_hexagon, layout_loops_ring, dreamdust_wishing_well,
          minmay_misc_feat_encased, columned_hall_lemuel, minmay_distorted
D:2:      layout_loops_ring, basic_altar, minmay_heptomino_w4,
          uniq_crazy_yiuf_cottage
D:3:      layout_rooms, minmay_unequal, uniq_natasha
D:4:      layout_rooms, nicolae_gozag_seed_capital,
          minmay_temple_entry_poolview, nicolae_shop_i_like_small_books_too,
          minivault_24, minmay_ruptured
D:5:      layout_loops_corners, kennysheep_mini, kennysheep_pointless_box
D:6:      layout_basic, dk_yredelemnul_ordeal, chequers_arboretum, minmay_holes
Temple:   hellmonk_temple_forest_ring

Skill      XL: |  1  2  3  4  5  6  7 |
---------------+----------------------+-----
Axes           | 3 4 5 |  5.4
Fighting       | 4 5 6 8 |  8.4
Maces & Flails | 3 4 6 |  6.5
Armour         | |  3.6
Shields        | |  3.6

Action                     |  1- 3 |  4- 6 |  7- 9 || total
---------------------------+-------+-------+-------++-------
  Melee: War axe           |    78 |    19 |       ||    97
         Headbutt          |    13 |    18 |    15 ||    46
         Flail             |       |    76 |    55 ||   131
         Punch             |       |     2 |     1 ||     3
    Use: Potion            |     1 |       |       ||     1
 Armour: Scale mail        |    39 |       |       ||    39
         Chain mail        |     9 |    60 |    38 ||   107
  Dodge: Dodged            |    48 |    32 |    31 ||   111
